 Dungeon Crawl Stone Soup version 0.17.1-2-g5865329 (webtiles) character file.

72 Jerry the Stinger (level 4, -2/27 HPs)
             Began as an Octopode Venom Mage on Jan 30, 2016.
             Slain by a quokka (3 damage)
             ... on level 3 of the Dungeon.
             The game lasted 00:18:39 (2596 turns).

Jerry the Stinger (Octopode Venom Mage)             Turns: 2596, Time: 00:18:39

Health: -2/27      AC:  1    Str:  7    XL:     4   Next: 25%
Magic:  7/7        EV: 12    Int: 18    God:
Gold:   135        SH:  0    Dex: 14    Spells: 1 memorised, 7 levels left

rFire  . . .     SeeInvis .     g - +0 dagger
rCold  . . .     Clarity  .     (no shield)
rNeg   . . .     SustAt   .     (helmet restricted)
rPois  .         Gourm    .     (no amulet)
rElec  .         Spirit   .     f - +2 ring of dexterity
rCorr  .         Warding  .     k - ring of teleportation (curse)
rMut   .         Rnd*Tele +     (no ring)
MR     .....                    (no ring)
Stlth  +++.......               (no ring)
                                (no ring)
                                (no ring)
                                (no ring)

@: not resistant to hostile enchantments, fairly stealthy
A: almost no armour, amphibious, 8 rings, constrict 8, camouflage 1, gelatinous
body 1
a: Evoke Teleportation


You were on level 3 of the Dungeon.
You were hungry.

You visited 1 branch of the dungeon, and saw 3 of its levels.

You collected 135 gold pieces.

Inventory:

Hand Weapons
 g - a +0 dagger (weapon)
Jewellery
 f - a +2 ring of dexterity (left tentacle)
 k - a cursed ring of teleportation (right tentacle)
Scrolls
 c - a scroll of identify
 e - 2 scrolls of remove curse
 h - a scroll of immolation {unknown}
 i - a scroll of teleportation {unknown}
Potions
 l - a potion of brilliance {unknown}
Books
 a - a Young Poisoner's Handbook

   Spells                             Type                      Level
   a - Sting                          Conjuration/Poison           1
   b - Cure Poison                    Poison                       2
   c - Mephitic Cloud                 Conjuration/Poison/Air       3
   d - Olgreb's Toxic Radiance        Poison                       4
   e - Venom Bolt                     Conjuration/Poison           5
Comestibles
 b - a bread ration
 d - 3 meat rations
 j - a beef jerky


   Skills:
 - Level 0.2 Fighting
 + Level 2.3 Dodging
 - Level 2.6 Stealth
 + Level 2.6 Spellcasting
 * Level 1.6 Conjurations
 + Level 5.6 Poison Magic


You had 7 spell levels left.
You knew the following spells:

 Your Spells              Type           Power        Failure   Level  Hunger
a - Sting                 Conj/Pois      ###.         4%          1    #......


Dungeon Overview and Level Annotations

Branches:
Dungeon (3/15)

Altars:

Annotations:
D:3 serq's ghost, amateur MfGl


Innate Abilities, Weirdness & Mutations

You cannot wear most types of armour.
You are amphibious.
You can wear up to eight rings at the same time.
You can use your tentacles to constrict eight enemies at once.
Your skin changes colour to match your surroundings (Stealth).
Your rubbery body absorbs attacks (AC +1).


Message History

Serq's ghost misses you.
A goblin comes into view.
You miss serq's ghost.
Serq's ghost is lightly damaged.
Serq's ghost closely misses you.
You completely miss serq's ghost.
The goblin shouts!
You squeeze serq's ghost, but do no damage.
Serq's ghost is lightly damaged.
Serq's ghost hits you!
You closely miss serq's ghost.
Serq's ghost is lightly damaged.
Serq's ghost hits you!
* * * LOW HITPOINT WARNING * * *
You hit serq's ghost.
Serq's ghost is lightly damaged.
Serq's ghost hits you!
* * * LOW HITPOINT WARNING * * *
The goblin misses you. The quokka bites you.
You die...

... ...
... ##'##
##...##
##.....##
#.rgW...#
#.[@...(#
#...?...#
##.....##
##...##
##### ..
.. ..
##.. #...


You could see serq's ghost, a quokka and a goblin.

Vanquished Creatures
  3 adders (D:2)
  A worm (D:2)
  2 giant geckos (D:1)
  3 giant cockroaches (D:2)
  4 goblins
  7 hobgoblins
  3 jackals (D:2)
  4 kobolds
  3 bats
  A giant newt (D:1)
  8 rats
39 creatures vanquished.

Notes
Turn   | Place    | Note
--------------------------------------------------------------
     0 | D:1      | Jerry the Octopode Venom Mage began the quest for the Orb.
     0 | D:1      | Reached XP level 1. HP: 11/11 MP: 3/3
   232 | D:1      | Reached skill level 5 in Poison Magic
   610 | D:1      | Reached XP level 2. HP: 17/17 MP: 1/5
  1509 | D:2      | Reached XP level 3. HP: 21/21 MP: 1/6
  1511 | D:2      | Reached skill level 1 in Conjurations
  2210 | D:2      | Reached XP level 4. HP: 27/27 MP: 3/7
  2585 | D:3      | Noticed serq's ghost (amateur MfGl)
  2596 | D:3      | HP: 1/27 [serq's ghost (8)]
  2596 | D:3      | Slain by a quokka

Action                   |  1- 3 |  4- 6 || total
-------------------------+-------+-------++-------
Melee: Unarmed           |    19 |       ||    19
       Dagger            |     9 |     6 ||    15
 Cast: Sting             |    83 |    13 ||    96
  Use: Scroll            |     3 |       ||     3
 Stab: Sleeping          |     1 |       ||     1
  Eat: Chunk             |     5 |       ||     5
